 Dungeon Crawl Stone Soup version 0.28-a0-983-g1de4e0787c (webtiles) character file.

Game seed: 11795736754777389823

354 ytrimaz the Chopper (level 6, 0/48 HPs)
             Began as a Demonspawn Fighter on Dec 2, 2021.
             Slain by a gnoll shaman (1 damage)
             ... on level 3 of the Dungeon.
             The game lasted 00:02:07 (3550 turns).

ytrimaz the Chopper (Demonspawn Fighter)            Turns: 3550, Time: 00:02:08

Health: 0/48       AC: 11    Str: 18    XL:     6   Next: 35%
Magic:  6/6        EV:  9    Int: 10    God:
Gold:   103        SH:  4    Dex: 12    Spells: 5/5 levels left

rFire   . . .      SeeInvis .   a - +0 war axe
rCold   . . .      Faith    .   c - +0 buckler
rNeg    . . .      Spirit   .   b - +1 scale mail
rPois   .          Reflect  .   (no helmet)
rElec   .          Harm     .   e - +0 cloak
rCorr   .          Rampage  .   (no gloves)
Will    .....                   (no boots)
Stlth   ..........              (no amulet)
HPRegen 0.16/turn               (no ring)
MPRegen 0.10/turn               (no ring)

@: lethally poisoned (0 -> -11)
A: icy blue scales 1, weakness stinger 2
a: no special abilities


You were on level 3 of the Dungeon.
You visited 1 branch of the dungeon, and saw 3 of its levels.
You also visited: Sewer.

You collected 103 gold pieces.

Inventory:

Hand Weapons
 a - a +0 war axe (weapon)
Armour
 b - a +1 scale mail (worn)
 c - a +0 buckler (worn)
 e - a +0 cloak (worn)
Potions
 d - a potion of might
 f - a potion of berserk rage {unknown}
 h - a potion of ambrosia {unknown}
 j - a potion of degeneration {unknown}


   Skills:
 + Level 4.1 Fighting
 + Level 4.4 Axes
 + Level 3.8 Armour
 + Level 3.3 Shields


You had 5 spell levels left.
You didn't know any spells.
Your spell library contained the following spells:

 Spells                   Type           Power      Damage    Failure   Level
 Ozocubu's Armour         Ice            0%         N/A       98%         3
 Iskenderun's Battlesphe  Conj           0%         2d6       100%        5
 Iron Shot                Conj/Erth      0%         9d1       100%        6
 Ozocubu's Refrigeration  Ice            0%         4d5       100%        7
 Spellforged Servitor     Conj/Summ      0%         N/A       100%        7


Dungeon Overview and Level Annotations

Branches:
Dungeon (3/15)              Sewer (visited)

Altars:


Innate Abilities, Weirdness & Mutations

You are partially covered in icy blue scales. (AC +2)
You have a tail ending in a sharp stinger.


Message History

The orc hits you but does no damage.
The orc priest hits you but does no damage.
Unknown command.
You barely miss the orc priest. You tail-slap the orc priest.
The orc priest is heavily wounded.
You hit the orc but do no damage. The orc hits you but does no damage.
You block the orc priest's attack.
You slash the orc priest!
The orc priest is almost dead.
You hit the orc. You block the orc's attack.
The orc priest hits you but does no damage.
The orc wizard gestures wildly while chanting.
The orc wizard flickers and vanishes!
Deactivating autopickup; reactivate with Ctrl-A.
You slash the orc priest!
You kill the orc priest!
You hit the orc.
You kill the orc!
Found 16 stones.
The gnoll barely misses you.
The gnoll shaman hits you with a +4 whip of venom!
You are poisoned.
Things that are here:
a +0 dagger; a +0 chain mail; an orc corpse Unknown command.
You feel very sick. The gnoll hits you with a +0 club.
* * * LOW HITPOINT WARNING * * *
The gnoll hits you but does no damage.
The gnoll shaman hits you with a +4 whip of venom.
* * * LOW HITPOINT WARNING * * *
You are more poisoned.
You hit the gnoll.
The gnoll is lightly wounded.
You hit the gnoll shaman but do no damage.
You closely miss something.
* * * LOW HITPOINT WARNING * * *
You feel very sick. You block the gnoll's attack.
Something hits you but does no damage.
The gnoll shaman hits you with a +4 whip of venom.
You die...

# ##### ($ ....#
########....
.#.........
.........#
.......@g#
.#..[..)g#
############)#
+....)......)#
#.[.)#.....^.#
#....#.......#
######''''#########
.................
≈≈≈≈≈≈...†≈≈≈≈≈≈≈


You could see a gnoll shaman and a gnoll (fast).

Vanquished Creatures
  2 bullfrogs (Sewer)
  An orc priest (D:3)
  7 adders
  6 gnolls (D:3)
  A worm (D:2)
  2 dart slugs (D:2)
  2 orcs (D:3)
  4 bats
  An endoplasm (D:2)
  6 giant cockroaches
  6 goblins
  3 hobgoblins
  4 jackals (D:3)
  A kobold (D:3)
  6 quokkas
  5 ball pythons
  9 frilled lizards
  2 rats (D:2)
68 creatures vanquished.

Vanquished Creatures (others)
  A plant (D:3)
1 creature vanquished.

Grand Total: 69 creatures vanquished

Notes
Turn   | Place    | Note
-------+----------+-------------------------------------------
     0 | D:1      | ytrimaz the Demonspawn Fighter began the quest for the Orb.
     0 | D:1      | Reached XP level 1. HP: 18/18 MP: 1/1
   332 | D:1      | Found a faded altar of an unknown god.
   455 | D:2      | Gained mutation: You are partially covered in icy blue
                  | scales. (AC +2) [demonic ancestry]
   455 | D:2      | Reached XP level 2. HP: 13/24 MP: 2/2
  1400 | D:2      | Reached XP level 3. HP: 29/29 MP: 3/3
  2282 | D:3      | Found a glowing drain.
  2297 | D:3      | Gained mutation: You have a small tail. [demonic ancestry]
  2297 | D:3      | Reached XP level 4. HP: 20/35 MP: 4/4
  2310 | Sewer    | Entered a sewer
  2822 | Sewer    | Noticed a bullfrog
  2822 | Sewer    | Noticed a bullfrog
  2837 | Sewer    | Killed a bullfrog
  2838 | Sewer    | Reached XP level 5. HP: 4/42 MP: 5/5
  3356 | D:3      | Gained mutation: You have a tail ending in a sharp stinger.
                  | [demonic ancestry]
  3356 | D:3      | Reached XP level 6. HP: 27/48 MP: 6/6
  3550 | D:3      | HP: 1/48 [poisoned by a gnoll shaman]
  3550 | D:3      | Slain by a gnoll shaman

Illustrated notes

Levels and vault maps discovered:
D:1:      minmay_arrival_jagged, layout_rooms, ebering_ecumenical_altar_hall,
          st_stairs_12
D:2:      layout_basic, grunt_ministairs_4, bh_walls_and_bars
D:3:      lemuel_castle_with_subvaults [lemuel_castle_interior_carwin_3],
          layout_loops_corners, gup_sewer_entry_glass

Skill      XL: |  1  2  3  4  5 |
---------------+----------------+-----
Axes           | 2 3 4 |  4.4
Armour         | 3 |  3.8
Shields        | 3 |  3.3
Fighting       | 4 |  4.1

Action                   |  1- 3 |  4- 6 || total
-------------------------+-------+-------++-------
Melee: War axe           |   108 |    86 ||   194
       Tailslap          |       |    15 ||    15
  Use: Scroll            |     2 |     4 ||     6
       Potion            |       |     1 ||     1
Armor: Scale mail        |    64 |    79 ||   143
Dodge: Dodged            |    52 |    56 ||   108
Block: Buckler           |    34 |    25 ||    59

Table legend: (Time is in decaauts)
 A = Elapsed time spent in this place.
 B = Non-inter-level travel time spent in this place.
 C = Inter-level travel time spent in this place.
 D = Time resting spent in this place.
 E = Time spent auto-exploring this place.
 F = Levels seen in this place.
 G = Mean time per level.
                   A        B        C        D        E       F      G
               +--------+--------+--------+--------+--------+-----+--------+
         Total |   3723 |   3679 |     44 |      0 |   3172 |   4 |  930.8 |
       Dungeon |   2601 |   2557 |     44 |      0 |   2203 |   3 |  867.0 |
         Sewer |   1122 |   1122 |      0 |      0 |    968 |   1 | 1122.0 |
               +--------+--------+--------+--------+--------+-----+--------+

Top non-repeatable levels by time:
     D:2: 1650 daAuts
   Sewer: 1122 daAuts
     D:3: 496 daAuts
     D:1: 454 daAuts
